Cogmind - Beta 13 @@@ ROGUE MODE // 2024.04.26 @ 12:52:34 Player: MarKhan Result: Core destroyed Performance ------------- Evolutions (0) 0 Regions Visited (1) 200 Robots Destroyed (12) 60 Value Destroyed (220) 220 Prototype IDs (0) 0 Alien Tech Used (0) 0 Bonus (0) 0 TOTAL SCORE: 480 Bonus ------- None Cogmind --------- Core Integrity 0/250 Matter 215/300 Energy 154/250 System Corruption 0% Temperature Critical (666) Movement Treading (320) Ox2 Location -10/Materials Parts ------- > --- POWER (1) -------- Ion Engine > --- PROPULSION (2) --- Improved Treads Improved Treads > --- UTILITY (2) ------ High-capacity Storage Unit > --- WEAPON (2) ------- Medium Laser Particle Cannon > --- INVENTORY (20) --- Light Ion Engine Improved Ion Engine Improved Ion Engine Improved Ion Engine Improved Treads Improved Treads Aluminum Leg Aluminum Leg Small Storage Unit High-capacity Battery (250) Medium Matter Pod (0) Medium Matter Pod (0) Medium Matter Pod (0) EM Pulse Gun Medium Laser Particle Cannon Particle Cannon Particle Cannon Light Assault Rifle Peak State ------------ > --- POWER ------------ Light Ion Engine > --- PROPULSION ------- Improved Treads Improved Treads > --- UTILITY ---------- Heat Sink High-capacity Storage Unit > --- WEAPON ----------- Particle Cannon Particle Cannon > --- INVENTORY -------- Ion Engine Light Ion Engine Improved Ion Engine Improved Ion Engine Improved Ion Engine Improved Treads Improved Treads Aluminum Leg Aluminum Leg Small Storage Unit EM Pulse Gun Medium Laser Medium Laser Particle Cannon Light Assault Rifle [Rating: 13] Favorites ----------- Power Light Ion Engine Engine Light Ion Engine Propulsion Improved Treads Treads Improved Treads Wheel Compact Wheel Utility Heat Sink Device Heat Sink Storage High-capacity Storage Unit Weapon Medium Laser Energy Gun Medium Laser Energy Cannon Particle Cannon Ballistic Gun Light Assault Rifle Build | -11 -10 ------- Run | Yrd Mat Slots Evolved . | . . Power . | . . Propulsion . | . . Utility . | . . Weapon . | . . Parts Attached 25 | 5 20 Power 6 | 1 5 Engine 6 | 1 5 Core . | . . Reactor . | . . Propulsion 4 | 2 2 Treads 2 | . 2 Leg . | . . Wheel 2 | 2 . Hover . | . . Flight . | . . Utility 4 | 1 3 Device 2 | . 2 Storage 2 | 1 1 Processor . | . . Hackware . | . . Protection . | . . Artifact . | . . Weapon 11 | 1 10 Energy Gun 5 | 1 4 Energy Cannon 5 | . 5 Ballistic Gun 1 | . 1 Ballistic Cannon . | . . Launcher . | . . Special Weapon . | . . Impact Weapon . | . . Slashing Weapon . | . . Piercing Weapon . | . . Special Melee Weapon . | . . Unidentified Prototypes . | . . Parts Lost 2 | . 2 Power 1 | . 1 Propulsion . | . . Utility 1 | . 1 Weapon . | . . Highest Loss Streak 1 | . 1 To Critical Strikes . | . . Average Slot Usage (%) 85 | . 85 Engine 13 | . 13 Treads 18 | . 18 Wheel 9 | . 9 Device 12 | . 12 Storage 14 | . 14 Energy Gun 10 | . 10 Energy Cannon 4 | . 4 Naked Turns . | . . Heaviest Build 54 | 10 54 Greatest Support 46 | 26 46 Greatest Overweight (x) 1 | 1 1 Average Overweight (x) . | . . Largest Inventory Capacity 20 | 8 20 Average Capacity 15 | 6 15 Most Carried 19 | 7 19 Average Carried 13 | 3 14 Final Capacity 20 | 8 20 Final Carried 19 | 7 19 Class Distribution -------------------- 100% | Mutant Dominant Class ---------------- Mutant | -10/Materials Resources | -11 -10 ----------- Run | Yrd Mat Matter Collected 396 | 185 211 Remotely . | . . Salvage Created 291 | . 291 Parts 18 | . 18 Haulers Intercepted . | . . Recyclers Shooed 1 | . 1 Parts Field Recycled . | . . Retrieved Matter . | . . Parts Self-Destructed . | . . Prevented . | . . Kills | -11 -10 ------- Run | Yrd Mat Combat Hostiles Destroyed 8 | . 8 Melee 1 | . 1 Guns 4 | . 4 Cannons 3 | . 3 Classes Destroyed 6 | . 6 Tunneler 1 | . 1 Recycler 1 | . 1 Operator 1 | . 1 Watcher 1 | . 1 Swarmer 5 | . 5 Grunt 3 | . 3 Best Kill Streak 3 | . 3 Combat Bots Only 3 | . 3 Max Kills in Single Turn 1 | . 1 Gunslinging . | . . Exploded . | . . Melee 1 | . 1 Uniques/NPCs Destroyed . | . . Combat | -11 -10 -------- Run | Yrd Mat Hostile Shots Fired 96 | . 96 Missed 24 | . 24 Damage Taken 839 | . 839 Core 281 | . 281 Absorbed by Shields . | . . Core Remaining (%) 100 | 100 . Volleys Fired 40 | . 40 Largest 2 | . 2 Hottest 136 | . 136 Shots Fired 80 | . 80 Gun 45 | . 45 Cannon 35 | . 35 Launcher . | . . Special . | . . Kinetic 4 | . 4 Thermal 76 | . 76 Explosive . | . . Electromagnetic . | . . Robot Hit Streak 8 | . 8 Robot Miss Streak 4 | . 4 Penetration Max . | . . Secondary Targets . | . . Shots Hit Robots 34 | . 34 Core Hits 17 | . 17 Critical Kills . | . . Critical Parts Destroyed . | . . Critical Strikes 1 | . 1 Burn 1 | . 1 Melee Attacks . | . . Impact . | . . Slashing . | . . Piercing . | . . Sneak Attacks . | . . Combat Hostiles . | . . Follow-up Attacks . | . . Damage Inflicted 598 | . 598 Guns 290 | . 290 Cannons 266 | . 266 Explosions . | . . Melee . | . . Ramming 42 | . 42 Kinetic . | . . Thermal 556 | . 556 Explosive . | . . Electromagnetic . | . . Impact . | . . Slashing . | . . Piercing . | . . Highest Corruption . | . . Average Corruption . | . . Corruption Purged . | . . Corruption Blocked . | . . Overload Shots . | . . Overflow Damage 3 | . 3 Projectiles . | . . Explosions . | . . Melee 3 | . 3 Knockbacks . | . . Impact . | . . Kinetic . | . . Secondary . | . . Self-Inflicted Damage . | . . Shots . | . . Rammed 12 | . 12 Targets Rammed 12 | . 12 Kicked . | . . Crushed . | . . Highest Temperature 710 | . 710 Average Temperature 148 | . 148 Received Heat Transfer 234 | . 234 Effects 12 | . 12 Shutdowns 2 | . 2 Energy Bleed 1 | . 1 Interference 4 | . 4 Matter Decay 1 | . 1 Short Circuit 1 | . 1 Damage (minor) 1 | . 1 Damage (core) 2 | . 2 Siege Activations . | . . Robots Corrupted . | . . Combat Hostiles . | . . Parts Fried . | . . Impact Corruptions 1 | . 1 Robots Melted . | . . Combat Hostiles . | . . Parts Melted 6 | . 6 Heat Transferred 1406 | . 1406 Parts Sabotaged . | . . Parts Stolen . | . . Parts Stripped . | . . Power Chain Reactions . | . . Alert | -11 -10 ------- Run | Yrd Mat Peak Influence 164 | . 164 Initial . | . . Average 59 | . 65 Maximum Alert Level . | . . Low Security (%) 100 | 100 100 Level 1 . | . . Level 2 . | . . Level 3 . | . . Level 4 . | . . Level 5 . | . . High Security . | . . Max Security . | . . Squads Dispatched 1 | . 1 Investigation . | . . Extermination . | . . Reinforcement 1 | . 1 Assault . | . . Garrison . | . . Intercept . | . . Searches Triggered . | . . Construction Impeded . | . . Haulers Reinforced . | . . Active Scanning Responses . | . . Cargo Convoy Interrupts . | . . Stealth | -11 -10 --------- Run | Yrd Mat Distress Signals 1 | . 1 Communications Jammed . | . . Distress Signals . | . . Times Spotted 16 | . 16 Peak Tracking Total 4 | . 4 Tactical Retreats 2 | . 2 Traps | -11 -10 ------- Run | Yrd Mat Traps Triggered 1 | . 1 Indirectly . | . . Trap Hack Attempts . | . . Triggered . | . . Disarmed . | . . Reprogrammed . | . . Reused . | . . Traps Extracted . | . . Installed . | . . Triggered . | . . Machines | -11 -10 ---------- Run | Yrd Mat Machines Disabled 2 | . 2 Max in Single Turn 1 | . 1 Machines Repaired . | . . Machines Dismantled . | . . Machines Sabotaged . | . . Overloaded Fab Kills . | . . Hacking | -11 -10 --------- Run | Yrd Mat Machines Accessed 2 | . 2 Terminals 2 | . 2 Fabricators . | . . Repair Stations . | . . Recycling Units . | . . Scanalyzers . | . . Garrison Access . | . . Total Hacks 6 | . 6 Successful 1 | . 1 Failed 5 | . 5 Catastrophic . | . . Database Lockouts . | . . Manual 4 | . 4 Terminals 6 | . 6 Fabricators . | . . Repair Stations . | . . Recycling Units . | . . Scanalyzers . | . . Garrison Access . | . . Terminal Hacks 1 | . 1 Terminal Index 1 | . 1 Fabricator Hacks . | . . Repair Station Hacks . | . . Recycling Unit Hacks . | . . Scanalyzer . | . . Garrison Access Hacks . | . . Unauthorized Hacks . | . . Terminals . | . . Fabricators . | . . Repair Stations . | . . Recycling Units . | . . Scanalyzers . | . . Garrison Access . | . . Data Cores Recovered . | . . Used . | . . Hacking Detections 2 | . 2 Full Trace Events . | . . Feedback Events . | . . Feedback Blocked . | . . Robot Schematics Acquired . | . . Robots Built . | . . Authchips . | . . Time . | . . Total Robot Build Rating . | . . Part Schematics Acquired . | . . Parts Built . | . . Authchips . | . . Time . | . . Total Part Build Rating . | . . Parts Repaired . | . . Time . | . . Parts Recycled . | . . Recycled Matter . | . . Retrieved Matter . | . . Retrieved Components . | . . Parts Scanalyzed . | . . Part Schematics Acquired . | . . Parts Damaged . | . . Bothacking | -11 -10 ------------ Run | Yrd Mat Used RIF Installer . | . . Robots Hacked . | . . Non-combat . | . . Combat . | . . Robot Hacks Applied . | . . Relay Couplers Released . | . . Fabnet Peak Effective % . | . . Robots Rewired . | . . Allies Hacked . | . . Hacks Repelled . | . . Allies | -11 -10 -------- Run | Yrd Mat Total Allies . | . . Largest Group . | . . Highest-Rated Group . | . . Highest-Rated Ally . | . . Total Orders . | . . Ally Attacks . | . . Total Damage . | . . Kills . | . . Allies Corrupted . | . . Allies Melted . | . . Intel | -11 -10 ------- Run | Yrd Mat Robot Analysis Total . | . . Derelict Logs Recovered . | . . Drone Launches . | . . Drone Recoveries . | . . Exploration | -11 -10 ------------- Run | Yrd Mat Turns Passed 810 | 70 740 Spaces Moved 474 | 65 409 Core 12 | 12 . Treads 221 | . 221 Legs . | . . Wheels 241 | 53 188 Hover . | . . Flight . | . . Fastest Speed 50 | 50 90 Average Speed 125 | 85 132 Slowest Speed 240 | 100 240 Overloaded Moves . | . . Propulsion Burnouts . | . . Robots Hopped . | . . Cave-ins Triggered . | . . Exploration Rate (%) 23 | 5 41 Regions Visited 1 Branch Regions . Pre-discovered Areas . | . . Known Exits Taken . | . . Unknown Exits Taken 1 | 1 . Scrap Searched . | . . Spaces Dug . | . . Terrain Destroyed . | . . Melee . | . . Projectile . | . . AOE . | . . Terrain Rammed . | . . Walls Destroyed . | . . Machines Disabled . | . . Actions | -11 -10 --------- Run | Yrd Mat Total 593 | 77 516 Wait 3 | . 3 Move 473 | 64 409 Hop . | . . Pick Up 26 | 8 18 Fast Attach 9 | 4 5 Attach 8 | 1 7 Detach 6 | . 6 Swap 8 | . 8 Drop 8 | . 8 Fire 40 | . 40 Melee . | . . Ram 1 | . 1 Kick . | . . Crush 11 | . 11 Escape Stasis . | . . Rewire . | . . Trap . | . . Miscellaneous . | . . Route ------- -11/Scrapyard -10/Materials (discovered 2 exits: [*Mat] / [*Min]) History --------- Turn | Location | Event 27 | -11/Scrapyard | Discovered new exit (range 16) 71 | -11/Scrapyard | Entered Materials 264 | -10/Materials | Discovered new exit (range 9) 304 | -10/Materials | Build established: Mutant 729 | -10/Materials | Discovered new exit (range 6) 784 | -10/Materials | Core integrity fell below 50% 806 | -10/Materials | Core integrity fell below 20% 812 | -10/Materials | Core destroyed Last Messages --------------- 00786_ Visual Processing Unit melted. 00786_ W-16 Scout destroyed. 00787_ Heat Sink destroyed. 00791_ Overheating: Energy bleed (-34). 00796_ Power failure, Ion Engine shutdown. 00796_ Overheating: System interference. 00796_ Particle Cannon temporarily disabled. 00798_ Overheating: Particle Cannon damaged (-54). 00802_ Machine disabled. 00802_ G-47 Trooper destroyed. 00806_ Overheating: Core damaged (-47). 00806_ U-05 Engineer builds a Door. 00808_ Power failure, Ion Engine shutdown. 00809_ Overheating: System interference. 00809_ Lgt. Assault Rifle temporarily disabled. 00809_ Particle Cannon temporarily disabled. 00810_ Imp. Treads broken. 00810_ Overheating: Short circuit. 00811_ Overheating: Matter decay (-46). 00812_ Overheating: Core damaged (-37). Map ----- +----------------------------------------------------+ | ??????????########?## ##????????????? | | ??????????# %% %### ########?????? | | ??????????# + #?????? | | ??????????# " ### T #?????? | | ??????????#""" #?# #?????? | | ??????????#"" #?# ########?????? | | ??????????#""" #?#######????????????? | | ??????????# " #????????????????????? | | ??????????#""" #????????????????????? | | ??????????#"" #????????????????????? | | ??????????#""" #????????????????????? | | ??????????# " #????????????????????? | | ??????????# *[#????????????????????? | | ??????????# *=%#????????????????????? | | ?????+##########+####+######??????????? | | ?? #??????????? | | ?? * #??????????? | | ?? !%u +??????????? | | ???##+#####/############= #??????????? | | ??????????????????????##%g ##?????????? | | ?????????????????????## = ##????????? | | ?????????????????????# #????????? | | ?????????????????????# w #????????? | | ?????????????????????# < #????????? | | ?????????????????????# #????????? | | ?????????????????????#" @ "#????????? | | ?????????????????????##" "##????????? | | ??????????????????????## ""##?????????? | | ???????????????????????#####??????????? | | ??????????????????????????????????????? | | ??????????????????????????????????????? | | ??????????????????????????????????????? | | ??????????????????????????????????????? | | ??????????????????????????????????????? | | ??????????????????????????????????????? | | ??????????????????????????????????????? | | ??????????????????????????????????????? | | ??????????????????????????????????????? | | | | | | | | | | | | | | | | | | | | | | | | | +----------------------------------------------------+ Best States ------------- Heat Dissipation 35 Energy Generation 12 Energy Capacity 265 Matter Stores 300 Matter Capacity 300 Sight Range 16 Terrain Scan Density 10 Evasion (%) 42 Recoil Reduction 2 Item Schematics ----------------- None Robot Schematics ------------------ None Fabricated ------------ Nothing Alien Tech Used ----------------- None Achievements -------------- Fist Fight Challenges ------------ None Game ------ Seed BiometalTargetingEdition Manual? 0 Play Time 00:18:22 Cumulative 12.3 hours Start 2024.04.25 @ 21:58:58 End 2024.04.26 @ 12:52:34 Sessions 2 Manual Loads 0 Difficulty Rogue Special Mode None Game No. 12 Rogue 12 Adventurer 0 Explorer 0 Win Type - Total 0 Types 0/0/0/0/0/0/0/0/0 Lore% 9 Gallery% 15 Achievement% 14 Wizard Run 0 Options --------- Layout 1 ASCII 0 Keyboard 1 Movement Numpad Keybinds 0 Fullscreen 1 Font 16/SmallcapsGlow Map View 55x38 Zoom Use 0% Tactical HUD 1 Map Filters NONE Filters NONE Steam 1 RUN: 2cffc009-a8c1-4c83-a023-8c89cc7cae68